 Dungeon Crawl Stone Soup version 0.18.1-5-g4a78601 (webtiles) character file.

100 Implojin the Insei (level 4, 0/35 HPs)
             Began as a Mummy Monk on May 11, 2016.
             Slain by jerkstore's ghost (9 damage)
             ... on level 4 of the Dungeon.
             The game lasted 00:13:59 (4147 turns).

Implojin the Insei (Mummy Monk)                     Turns: 4147, Time: 00:14:00

Health: 0/35       AC:  3    Str: 14    XL:     4   Next: 46%
Magic:  4/4        EV:  8    Int:  9    God:
Gold:   98         SH:  0    Dex: 15    Spells: 0 memorised, 3 levels left

rFire  x . .     SeeInvis .       - Unarmed
rCold  + . .     Gourm    .     (no armour)
rNeg   + + +     Faith    .     (no shield)
rPois  ∞         Spirit   .     (no helmet)
rElec  .         Dismiss  .     (no cloak)
rCorr  .         Reflect  .     k - +2 pair of gloves
SustAt .         Harm     .     (no boots)
MR     .....                    (no amulet)
Stlth  ++........               (no ring)
                                (no ring)

@: not resistant to hostile enchantments, unstealthy
A: no food or potions, fire vulnerability, cold resistance 1, negative energy
resistance 3, torment resistance, unbreathing
a: no special abilities


You were on level 4 of the Dungeon.
You were not hungry.

You visited 1 branch of the dungeon, and saw 4 of its levels.

You collected 98 gold pieces.

Inventory:

Armour
 k - a +2 pair of gloves (worn)
Jewellery
 l - a cursed amulet of inaccuracy {unknown}
Wands
 j - a wand of paralysis (10/24)
Scrolls
 a - 2 scrolls of fear {unknown}
 c - a scroll of random uselessness {unknown}
 d - 3 scrolls of identify {unknown}
 e - 2 scrolls of magic mapping {unknown}
 g - 2 scrolls of remove curse {unknown}
 h - a scroll of teleportation {unknown}
 i - a scroll of immolation {unknown}
Comestibles
 b - 3 bread rations (quivered)
 f - a royal jelly


   Skills:
 - Level 3.0 Fighting
 - Level 2.4 Dodging
 - Level 1.5 Stealth
 * Level 4.9 Unarmed Combat


You had 3 spell levels left.
You didn't know any spells.

Dungeon Overview and Level Annotations

Branches:
Dungeon (4/15)             Temple (0/1) D:4

Altars:
Dithmenos
Xom
Zin

Annotations:
D:4 jerkstore's ghost, amateur TrMo


Innate Abilities, Weirdness & Mutations

You do not eat or drink.
Your flesh is vulnerable to fire.
You are immune to poison.
Your flesh is cold resistant.
You are immune to negative energy.
You are immune to unholy pain and torment.
You can survive without breathing.


Message History

There is a stone staircase leading down here.
You climb downwards.
Level annotation: jerkstore's ghost, amateur TrMo Jerkstore's ghost hits you.
Jerkstore's ghost hits you!
* * * LOW HITPOINT WARNING * * *
There is a stone staircase leading up here.
You can't go down here!
Jerkstore's ghost hits you!
* * * LOW HITPOINT WARNING * * *
You climb upwards.
There is a stone staircase leading down here.
Unknown command.
You start resting.
HP restored.
There is an open door here.
You see here a fuming red potion.
You see here a club.
You open the door.
There is an open door here.
There is an open door here.
There is a stone staircase leading down here.
There is a stone staircase leading down here.
The water moccasin zombie is too close now for your liking.
There is an open door here.
Unknown command.
You close the door.
The water moccasin zombie is too close now for your liking.
You close the door.
There is an open door here.
There is a stone staircase leading down here.
You climb downwards.
Level annotation: jerkstore's ghost, amateur TrMo The orc hits you with a short sword.
Jerkstore's ghost hits you!
* * * LOW HITPOINT WARNING * * *
There is a stone staircase leading up here.
Unknown command.
The orc hits you with a short sword.
* * * LOW HITPOINT WARNING * * *
Jerkstore's ghost hits you!
You die...

#### ##..# ### ...##
##.# ..## #.## ..##
##### ##.#
...#####...#####.##
.................#
.......####......###
########## ......##
##...o@W.#####.........
##...##
#..###...>............
##...# #..#
#########........
#...## #..# ###.....#
#.).# #..######
##...... ...##
#...#...### #.......
..#####
#....o)...####...##...
..##..##
##...[..........####..
..)....#
##............# ##.


You could see jerkstore's ghost and an orc.

Vanquished Creatures
  A hound (D:4)
  An ooze (D:1)
  3 worms
  A dart slug (D:2)
  A giant gecko (D:3)
  5 orcs
  4 giant cockroaches
  4 goblins
  3 hobgoblins
  4 jackals (D:1)
  A quokka (D:3)
  5 bats
  3 giant newts
  8 kobolds
  2 rats (D:2)
46 creatures vanquished.

Notes
Turn   | Place    | Note
--------------------------------------------------------------
     0 | D:1      | Implojin the Mummy Monk began the quest for the Orb.
     0 | D:1      | Reached XP level 1. HP: 18/18 MP: 1/1
   508 | D:1      | Reached XP level 2. HP: 13/24 MP: 2/2
   944 | D:2      | Reached skill level 4 in Unarmed Combat
  1129 | D:2      | Reached XP level 3. HP: 25/29 MP: 3/3
  1564 | D:3      | Noticed an angel
  1564 | D:3      | Found a shimmering altar of Xom.
  1564 | D:3      | Found a glowing silver altar of Zin.
  3522 | D:4      | Found a staircase to the Ecumenical Temple.
  3543 | D:4      | Reached XP level 4. HP: 23/35 MP: 4/4
  3550 | D:4      | Noticed jerkstore's ghost (amateur TrMo)
  3565 | D:4      | Found a shadowy altar of Dithmenos.
  4147 | D:4      | Slain by jerkstore's ghost

Skill      XL: |  1  2 |
---------------+-------+-----
Unarmed Combat | 4 |  4.9
Fighting       | |  3.0
Dodging        | |  2.4
Stealth        | |  1.5

Action                   |  1- 3 |  4- 6 || total
-------------------------+-------+-------++-------
Melee: Unarmed           |   175 |    12 ||   187
       Punch             |     1 |       ||     1
 Stab: Sleeping          |     5 |       ||     5
Armor: Skin              |    29 |     1 ||    30
Dodge: Dodged            |   118 |    12 ||   130

Table legend:
 A = Turns spent in this place as a percentage of turns spent in the entire game.
 B = Non-inter-level travel turns spent in this place as a percentage of non-inter-level travel turns spent in the entire game.
 C = Inter-level travel turns spent in this place as a percentage of turns spent in this place.
 D = Turns resting spent in this place as a percentage of non-inter-level travel turns spent in this place.
 E = Turns spent auto-exploring this place as a percentage of non-inter-level travel turns spent in this place.
 F = Non-inter-level travel turns spent in this place divided by the number of levels of this place that you've seen.
                   A       B       C       D       E      F
               +-------+-------+-------+-------+-------+----------------------
         Total | 100.0 | 100.0 |   0.3 |   2.2 |   2.6 | 479.8
       Dungeon | 100.0 | 100.0 |   0.3 |   2.2 |   2.6 | 479.8
               +-------+-------+-------+-------+-------+----------------------

Table legend:
 A = Kills in this place as a percentage of kills in entire the game.
 B = Kills by you in this place as a percentage of kills by you in the entire game.
 C = Kills by friends in this place as a percentage of kills by friends in the entire game.
 D = Other kills in this place as a percentage of other kills in the entire game.
 E = Experience gained in this place as a percentage of experience gained in the entire game.
 F = Experience gained in this place divided by the number of levels of this place that you have seen.
                   A       B       C       D       E      F
               +-------+-------+-------+-------+-------+----------------------
         Total | 100.0 | 100.0 |  -nan |  -nan | 100.0 |  35.8
       Dungeon | 100.0 | 100.0 |  -nan |  -nan | 100.0 |  35.8
               +-------+-------+-------+-------+-------+----------------------
